Map: [ESL] Equilibrium

Players

BabyMarine - Winner!

  • Race: Terran Terran
  • Spawn Location: 1:00

Stephano

  • Race: Zerg Zerg
  • Spawn Location: 11:00

Event: HomeStory Cup XXIV

VOD

Have the link to the VOD?

Description

Time

  • Played on: Dec. 2, 2023, 11:29 a.m.
  • Length: 12:49

All games in this series

Show
View Real Time Build Order
Export as new Build Order

BabyMarine Terran - Winner!

Build Orders: Reaper Expand, Hellion Banshee 

Get SALT Encoding   

  12  0:01  SCV  
  13  0:13  SCV  
  14  0:17  Supply Depot  
  14  0:25  SCV  
  15  0:38  SCV  
  15  0:40  Barracks  
  16  0:43  Refinery  
  16  0:50  SCV  
  17  1:02  SCV  
  18  1:15  SCV  
  19  1:27  Orbital Command, Reaper  
  20  1:39  Command Center  
  20  1:47  Supply Depot  
  20  1:52  SCV  
  21  1:58  Marine  
  22  2:04  SCV  
  23  2:11  Factory  
  23  2:16  SCV  
  23  2:20  Barracks Reactor  
  24  2:29  SCV  
  25  2:40  Command Center  
  25  2:42  SCV  
  26  2:52  Orbital Command  
  26  2:58  Starport  
  26  3:00  SCV  
  27  3:07  Refinery  
  27  3:09  Hellion  
  29  3:13  SCV  
  29  3:15  Hellion  
  29  3:18  SCV  
  33  3:22  Barracks Tech Lab  
  33  3:25  SCV  
  34  3:30  Hellion  
  34  3:32  SCV  
  37  3:36  Hellion  
  37  3:37  SCV  
  40  3:44  Banshee  
  40  3:46  SCV  
  44  3:49  SCV  
  44  3:52  Orbital Command  
  45  3:57  Cloaking Field  
  45  4:00  Hellion x2  
  45  4:01  SCV  
  50  4:03  SCV  
  50  4:06  Barracks Tech Lab  
  51  4:12  Supply Depot  
  51  4:13  SCV  
  51  4:15  SCV  
  53  4:18  SCV  
  53  4:21  Hellion  
  53  4:22  Hellion  
  58  4:25  SCV  
  59  4:32  Orbital Command  
  59  4:34  Banshee  
  59  4:36  Supply Depot  
  59  4:37  Supply Depot, SCV  
  59  4:38  Stimpack, SCV  
  64  4:49  Barracks, SCV  
  64  4:50  Barracks, SCV  
  66  4:55  Factory Reactor  
  66  5:00  Engineering Bay x2  
  66  5:01  SCV  
  66  5:02  SCV, Refinery x2  
  66  5:04  SCV  
  66  5:06  Supply Depot  
  69  5:10  Supply Depot  
  69  5:13  SCV, Marine  
  72  5:14  SCV  
  72  5:16  SCV  
  72  5:20  Barracks  
  73  5:25  SCV  
  73  5:26  SCV  
  73  5:28  SCV  
  70  5:37  SCV  
  70  5:38  SCV  
  70  5:40  Marine, SCV  
  70  5:41  Marine x2  
  69  5:42  Terran Infantry Weapons Level 1, Terran Infantry Armor Level 1  
  69  5:47  Siege Tank, Starport Reactor  
  69  5:48  Marine x2  
  69  5:49  SCV  
  71  5:50  SCV  
  71  5:53  Barracks, SCV  
  73  6:00  Supply Depot, Marine  
  73  6:01  Supply Depot, Marine x2  
  73  6:02  SCV  
  77  6:05  SCV x2  
  77  6:11  Marine  
  80  6:12  Marine x2  
  80  6:14  SCV  
  80  6:17  SCV  
  84  6:18  Marine x2  
  84  6:22  Siege Tank  
  84  6:23  Combat Shield  
  84  6:25  SCV  
  90  6:26  SCV  
  90  6:29  SCV  
  90  6:31  Barracks Reactor  
  90  6:32  Marine x3  
  92  6:33  Supply Depot  
  92  6:37  Medivac  
  97  6:41  SCV  
  97  6:45  Refinery x2  
  97  6:46  Medivac  
  100  6:47  Supply Depot, Marine x2  
  100  6:49  Barracks Reactor  
  100  6:52  Marine x3  
  108  7:01  Siege Tank, Command Center  
  108  7:05  Marine x2  
  110  7:09  Marine x2  
  110  7:10  Marine  
  110  7:12  Marine x2  
  115  7:16  Factory  
  115  7:18  Supply Depot  
  115  7:21  Supply Depot  
  115  7:23  Marine x2  
  115  7:27  Marine, Supply Depot x2  
  115  7:28  Marine x4  
  122  7:32  Barracks x2  
  122  7:33  Barracks  
  122  7:36  SCV  
  123  7:37  Marine x2  
  123  7:38  SCV  
  123  7:41  Marine x2  
  119  7:45  Medivac, Marine  
  119  7:46  Marine x3, Medivac  
  127  7:52  Armory  
  127  7:53  Marine  
  127  7:55  Marine x2  
  130  7:59  Siege Tank, Marine x2  
  130  8:02  Factory Reactor  
  130  8:03  Marine  
  136  8:09  Marine x2  
  136  8:10  Marine  
  136  8:11  Marine  
  140  8:15  Marine  
  140  8:16  Marine  
  140  8:19  Marine x2  
  135  8:21  Marine  
  131  8:27  Marine x2  
  131  8:28  Marine  
  131  8:29  Marine  
  131  8:31  Barracks Tech Lab x3  
  131  8:33  Marine  
  138  8:34  Marine, SCV x2  
  138  8:37  Marine x2, SCV  
  138  8:39  Marine  
  143  8:41  Siege Tank  
  143  8:42  Widow Mine x2  
  143  8:44  Terran Infantry Weapons Level 2, Terran Infantry Armor Level 2, Drilling Claws  
  143  8:45  Marine x2  
  143  8:46  SCV  
  153  8:52  Marauder x2, Concussive Shells  
  153  8:53  Marauder  
  159  9:02  Marine  
  159  9:03  Marauder, Marine, SCV  
  159  9:10  Marine x2  
  159  9:11  Medivac x2, Marine x2  
  159  9:14  Marauder x2  
  165  9:17  Planetary Fortress  
  165  9:21  Widow Mine x3  
  171  9:24  Marine x4  
  175  9:34  Marine x2  
  175  9:35  Marauder  
  179  9:46  Terran Vehicle And Ship Armor Level 1  
  179  9:47  Marine  
  180  9:57  Marauder, Marine  
  180  9:58  Marine  
  180  9:59  Liberator  
  179  10:00  Widow Mine  
  179  10:02  Refinery  
  179  10:03  Marine, Refinery  
  179  10:04  Liberator, Command Center, Widow Mine, Marine  
  179  10:05  Sensor Tower  
  180  10:18  Marine  
  180  10:21  Command Center  
  180  10:30  Supply Depot x2  
  180  10:32  Ghost Academy  
  180  10:41  SCV, Marine  
  180  10:42  Marine  
  180  10:43  Marauder, Marine x2  
  180  10:44  Marauder, Widow Mine  
  180  10:45  Marauder, SCV  
  180  10:46  Marauder  
  180  10:49  Widow Mine x2  
  166  10:50  SCV  
  166  10:53  SCV  
  166  10:54  SCV  
  162  10:57  SCV  
  162  11:03  SCV  
  161  11:05  Marauder  
  161  11:09  SCV  
  162  11:12  Widow Mine x2  
  162  11:13  Liberator, Widow Mine  
  162  11:15  Liberator  
  174  11:20  Supply Depot  
  174  11:23  Supply Depot  
  174  11:24  SCV  
  175  11:34  Widow Mine x2  
  179  11:41  SCV  
  179  11:46  SCV  
  170  11:49  SCV  
  170  11:51  Widow Mine  
  170  11:52  Planetary Fortress  
  167  11:55  Widow Mine  
  167  11:57  Marauder x2, Marine x3  
  167  11:58  Command Center, Marauder  
  167  11:59  Marine x4  
  167  12:00  Marauder  
  181  12:01  Planetary Fortress  
  181  12:04  SCV  
  182  12:09  Supply Depot x2  
  182  12:10  Widow Mine, Medivac x2  
  188  12:19  Marauder  
  188  12:20  Marine x3  
  188  12:22  SCV  
Show
View Real Time Build Order
Export as new Build Order

Stephano Zerg 

Build Orders: Hatch First 

Get SALT Encoding   

  12  0:00  Drone  
  13  0:12  Overlord  
  13  0:16  Drone  
  14  0:30  Drone x2  
  16  0:48  Hatchery  
  15  0:50  Drone  
  15  0:54  Drone  
  17  0:57  Drone  
  18  1:08  Extractor  
  17  1:12  Spawning Pool  
  17  1:16  Drone  
  17  1:19  Drone  
  18  1:28  Drone  
  19  1:38  Drone  
  20  1:49  Drone  
  21  1:59  Queen x2  
  21  2:00  Zergling x4  
  27  2:10  Drone  
  27  2:11  Overlord  
  28  2:20  Hatchery  
  27  2:23  Drone  
  28  2:30  Drone  
  28  2:34  Drone x2  
  31  2:37  Queen  
  31  2:43  Metabolic Boost  
  33  2:49  Overlord  
  33  2:52  Drone  
  33  2:57  Drone x2  
  36  3:09  Drone x2  
  36  3:10  Drone x2  
  40  3:14  Queen  
  40  3:16  Drone x2  
  44  3:20  Overlord  
  44  3:31  Queen x2  
  44  3:33  Drone  
  49  3:34  Drone  
  49  3:40  Zergling x2  
  49  3:41  Zergling x4  
  53  3:42  Drone x3  
  53  3:45  Drone  
  57  3:50  Drone  
  58  4:02  Overlord  
  58  4:09  Overlord  
  58  4:20  Evolution Chamber x2  
  58  4:21  Drone x10  
  66  4:32  Overlord  
  66  4:33  Drone  
  66  4:34  Drone x4  
  66  4:35  Queen  
  66  4:37  Drone  
  74  4:45  Spine Crawler  
  72  4:49  Zergling x2  
  72  4:50  Queen x2  
  77  4:54  Zergling x6  
  77  4:55  Zergling x2, Overlord  
  77  4:58  Zerg Melee Weapons Level 1, Zerg Ground Armor Level 1  
  77  4:59  Extractor  
  80  5:00  Extractor  
  80  5:05  Zergling x4  
  81  5:07  Overlord  
  81  5:25  Zergling x16  
  78  5:40  Drone x9  
  78  5:41  Spore Crawler  
  78  5:42  Lair, Spore Crawler  
  84  5:45  Drone  
  84  5:47  Spore Crawler  
  83  6:02  Hatchery  
  82  6:08  Drone  
  80  6:12  Spore Crawler  
  80  6:15  Drone  
  80  6:16  Drone x2, Hatchery  
  82  6:27  Drone x14  
  96  6:44  Spore Crawler  
  95  6:48  Zergling x6  
  95  6:50  Overlord x5  
  95  6:51  Overlord  
  95  6:53  Baneling Nest, Zerg Melee Weapons Level 2, Zerg Ground Armor Level 2  
  97  6:56  Hatchery  
  98  7:08  Hatchery  
  98  7:12  Zergling x18  
  106  7:17  Zergling x18  
  115  7:30  Hatchery  
  115  7:32  Zergling x2  
  115  7:33  Zergling x8  
  115  7:43  Zergling x14  
  101  7:50  Zergling x2  
  101  7:51  Zergling x16  
  110  7:52  Infestation Pit  
  107  8:00  Zergling x2  
  107  8:01  Zergling x4  
  110  8:06  Zergling x2  
  110  8:07  Zergling x2, Centrifugal Hooks  
  96  8:20  Zergling x24  
  98  8:28  Zergling x4  
  100  8:40  Zergling x2  
  100  8:41  Zergling x14  
  99  8:43  Baneling x14  
  99  8:46  Zergling x4  
  99  8:47  Zergling x18  
  110  8:51  Overseer  
  110  8:57  Zergling x2  
  110  8:58  Zergling x8  
  112  9:09  Zergling x16  
  110  9:20  Zergling x18  
  110  9:22  Hive  
  119  9:24  Extractor, Baneling, Hatchery  
  119  9:25  Baneling x12, Hydralisk Den  
  119  9:28  Zergling x8  
  119  9:44  Baneling x10  
  118  9:45  Zergling x8  
  118  9:46  Zergling x24  
  118  9:48  Pneumatized Carapace, Overseer  
  123  10:00  Zergling x2  
  123  10:01  Zergling x10  
  123  10:04  Zergling x6  
  126  10:08  Zergling x16  
  126  10:12  Zergling x2  
  126  10:13  Zergling x12  
  140  10:26  Zergling x2  
  140  10:27  Zergling x6  
  140  10:28  Hatchery  
  142  10:31  Overlord  
  107  11:05  Zergling x22  
  107  11:09  Hatchery  
  115  11:13  Zergling x12  
  115  11:16  Muscular Augments  
  118  11:29  Hydralisk  
  118  11:30  Hydralisk x3  
  91  11:53  Zergling x26  
  94  12:04  Hydralisk  
  94  12:05  Hydralisk x3  
  94  12:08  Zergling x16  
  102  12:15  Baneling x6  
  109  12:16  Baneling x7  
  108  12:25  Overseer  
  111  12:30  Zergling x18  
Tags
 
Add a new tag
Caveats
  • Supply blocks, unpowered buildings, or Contaminate may cause inaccurate times.
  • Supply counts are checked every 10 seconds.